 Dungeon Crawl Stone Soup version 0.20-a0-700-gbd4582c (webtiles) character file.

5113 Amianthus the Cleaver (level 10, -6/94 HPs)
             Began as a Hill Orc Fighter on Feb 20, 2017.
             Was an Initiate of Gozag.
             Mangled by a fire elemental (8 damage)
             ... summoned by a deep elf mage
             ... in a bailey.
             The game lasted 00:20:49 (7674 turns).

Amianthus the Cleaver (Hill Orc Fighter)            Turns: 7674, Time: 00:20:50

Health: -6/94      AC: 10    Str: 28    XL:     10   Next: 58%
Magic:  10/10      EV: 11    Int:  8    God:    Gozag
Gold:   542        SH: 11    Dex: 10    Spells: 9/9 levels left

rFire    . . .     SeeInvis .   F - +6 broad axe (elec)
rCold    . . .     Gourm    .   b - +0 scale mail
rNeg     + . .     Faith    .   c - +0 shield
rPois    .         Spirit   .   p - +1 hat
rElec    .         Reflect  .   E - +0 cloak
rCorr    .         Harm     .   (no gloves)
MR       .....                  (no boots)
Stlth    ..........             (no amulet)
Regen    0.3/turn               e - ring of positive energy
MPRegen  0.2/turn               k - +3 ring of evasion

@: mighty, lethally poisoned (-6 -> -40), drained
A: no striking features
a: Potion Petition, Call Merchant, Bribe Branch, Renounce Religion


You were in a bailey.
You worshipped Gozag.
Gozag was pleased with you.
You were not hungry.

You visited 1 branch of the dungeon, and saw 8 of its levels.
You also visited: Bailey.

You collected 997 gold pieces.
You spent 420 gold pieces at shops.
You paid 35 gold pieces to Gozag.

Inventory:

Hand Weapons
 F - a +6 broad axe of electrocution (weapon)
Armour
 b - a +0 scale mail (worn)
 c - a +0 shield (worn)
 p - a +1 hat (worn)
 E - a +0 cloak (worn)
Jewellery
 e - a ring of positive energy (right hand)
 k - a +3 ring of evasion (left hand)
 y - an uncursed ring of resist corrosion
Wands
 x - a wand of disintegration (4/24)
 C - a wand of acid (6/15)
Scrolls
 i - 3 scrolls of fog
 j - 3 scrolls of teleportation
 q - a scroll of identify
 r - 4 scrolls of remove curse
 u - a scroll of random uselessness
 z - a scroll of enchant weapon
 A - a scroll of noise
 B - 2 scrolls of fear
 D - a scroll of magic mapping {unknown}
Potions
 g - 3 potions of lignification
 h - 3 potions of haste
 l - 2 potions of magic
 s - 3 potions of brilliance {unknown}
 t - a potion of flight {unknown}
 v - 4 potions of curing {unknown}
 w - a potion of resistance {unknown}
Books
 n - a book of Misfortune

   Spells                             Type                      Level
   a - Confusing Touch                Hexes                        1
   b - Confuse                        Hexes                        3
   c - Gell's Gravitas                Hexes/Translocation          3
   d - Petrify                        Transmutation/Earth          4
   e - Metabolic Englaciation         Hexes/Ice                    5
   f - Yara's Violent Unravelling     Hexes/Transmutation          5
Comestibles
 a - 4 fruits
 f - 3 bread rations
 o - 4 meat rations
 G - a royal jelly


   Skills:
 * Level 10.5(10.2) Fighting
 * Level 11.1(10.8) Axes
 * Level 9.4(9.1) Armour
 + Level 7.0(6.7) Shields


You had 9 spell levels left.
You didn't know any spells.

Dungeon Overview and Level Annotations

Branches:
Dungeon (8/15)             Temple (0/1) D:5
   Lair: D:8-11

Altars:
Gozag
Sif Muna

Shops:
D:4 *?(([   D:8 :


Message History

You feel much better. The deep elf mage casts a spell at you.
The bolt of fire hits the fire elemental.
The fire elemental completely resists.
The bolt of fire hits you!
* * * LOW HITPOINT WARNING * * *
The fire elemental closely misses you. The redback bites you.
* * * LOW HITPOINT WARNING * * *
You are lethally poisoned!
The redback poisons you!
Unknown command.
Your shield and scale mail prevent you from hitting the fire elemental.
The fire elemental is heavily damaged.
You hit the redback.
* * * LOW HITPOINT WARNING * * *
You feel very sick.
The deep elf mage gestures wildly while chanting.
The red devil hits you but does no damage.
The fire elemental hits you. The fire elemental burns you!
You die...
Your body crumbles into a pile of gold.

#..∩..##..##
#.....#....#
..
##...##....#
e######'##..#
##...###...###
#.....#.e...#
$
#.....#.ss..#
$
#.....#ss...#
$ #....#E@s4##
#§#####
#..Ee#...e#
#...§§ .....#
#....§ .....#
#..... .....#
##...# #...##
.### ###. ..
..


You could see 2 deep elf magi, 2 fire elementals, a jumping spider, a red devil,
a tarantella and 3 redbacks.

Vanquished Creatures
  5 deep elf magi (Bailey)
  Joseph (D:7)
  Prince Ribbit (D:7)
  Sigmund (D:5)
  Menkaure (D:4)
  An ice beast (D:5)
  A sky beast (D:8)
  3 phantoms
  2 ogres
  3 centaurs
  A big kobold (D:8)
  2 bullfrogs (D:6)
  A scorpion (D:7)
  5 killer bees (D:7)
  4 howler monkeys
  2 crimson imps (D:6)
  An orc priest (D:5)
  Crazy Yiuf (D:6)
  A bullfrog skeleton (D:8)
  5 hounds
  A centaur skeleton (D:3)
  6 orc wizards
  2 iguanas (D:8)
  Natasha (thrice) (D:4)
  2 worker ants
  A killer bee zombie (D:7)
  A howler monkey skeleton (D:5)
  7 adders
  A shadow imp (D:6)
  2 worms
  An adder skeleton (D:6)
  An adder zombie (D:8)
  4 dart slugs
  3 leopard geckos
  25 orcs
  12 bats
  4 giant cockroaches
  5 hobgoblins
  5 jackals
  8 kobolds
  7 quokkas
  6 frilled lizards
  3 goblins
  2 jackal skeletons (D:4)
  A jackal zombie (D:5)
  2 leopard gecko skeletons (D:4)
  A leopard gecko zombie (D:8)
  A quokka zombie (D:7)
  7 rats
166 creatures vanquished.

Notes
Turn   | Place    | Note
-------+----------+-------------------------------------------
     0 | D:1      | Amianthus the Hill Orc Fighter began the quest for the Orb.
     0 | D:1      | Reached XP level 1. HP: 19/19 MP: 1/1
    88 | D:1      | Reached XP level 2. HP: 22/27 MP: 2/2
    93 | D:1      | Reached skill level 3 in Axes
   413 | D:1      | Reached XP level 3. HP: 32/33 MP: 3/3
  1059 | D:2      | Reached XP level 4. HP: 35/41 MP: 4/4
  1526 | D:3      | Reached skill level 4 in Axes
  1685 | D:3      | Reached skill level 5 in Fighting
  1766 | D:3      | Reached XP level 5. HP: 38/48 MP: 5/5
  2209 | D:3      | Found an opulent altar of Gozag.
  2392 | D:4      | Found Retzub's Antique Weapon Shoppe.
  2431 | D:4      | Found Tuitrek's Armour Emporium.
  2704 | D:3      | Became a worshipper of Gozag Ym Sagoz the Greedy
  2761 | D:4      | Found Fehontay's Weapon Shoppe.
  2864 | D:4      | Found Neklounk's Magic Scroll Boutique.
  2913 | D:4      | Reached skill level 5 in Axes
  2913 | D:4      | Reached XP level 6. HP: 42/56 MP: 6/6
  2914 | D:4      | Noticed Natasha
  2924 | D:4      | Killed Natasha
  3026 | D:4      | Found Gyxuwets's Assorted Antiques.
  3130 | D:4      | Noticed Natasha
  3138 | D:4      | Killed Natasha
  3373 | D:4      | Found a deep blue altar of Sif Muna.
  3425 | D:4      | Noticed a phantom
  3438 | D:4      | Killed a phantom
  3438 | D:4      | Reached XP level 7. HP: 62/62 MP: 7/7
  3500 | D:4      | Noticed Menkaure
  3513 | D:4      | Killed Menkaure
  3513 | D:4      | Reached skill level 6 in Axes
  3513 | D:4      | Reached skill level 5 in Armour
  4385 | D:5      | Entered Level 5 of the Dungeon
  4424 | D:5      | Noticed Sigmund
  4453 | D:5      | Killed Sigmund
  4561 | D:5      | Reached XP level 8. HP: 38/71 MP: 8/8
  4680 | D:5      | Reached skill level 7 in Axes
  4913 | D:5      | Reached skill level 5 in Shields
  5119 | D:5      | Found a staircase to the Ecumenical Temple.
  5521 | D:6      | Reached skill level 8 in Axes
  5958 | D:6      | Found a runed door.
  5962 | D:6      | Noticed Crazy Yiuf
  5969 | D:6      | Killed Crazy Yiuf
  6087 | D:4      | Bought a +6 broad axe of electrocution for 420 gold pieces
  6095 | D:4      | Noticed Natasha
  6100 | D:4      | Killed Natasha
  6278 | D:7      | Reached XP level 9. HP: 82/82 MP: 9/9
  6452 | D:7      | Noticed Prince Ribbit
  6460 | D:7      | Killed Prince Ribbit
  6491 | D:7      | Noticed Joseph
  6501 | D:7      | Killed Joseph
  6501 | D:7      | Reached skill level 9 in Axes
  7435 | D:8      | Found Puoss's Book Shop.
  7495 | D:8      | Reached skill level 10 in Axes
  7605 | D:8      | Found a flagged portal.
  7619 | Bailey   | Entered a bailey
  7625 | Bailey   | Noticed a deep elf mage
  7636 | Bailey   | Killed a deep elf mage
  7636 | Bailey   | Reached XP level 10. HP: 93/93 MP: 10/10
  7642 | Bailey   | Noticed a deep elf mage
  7643 | Bailey   | Noticed a deep elf mage
  7643 | Bailey   | Noticed a deep elf mage
  7643 | Bailey   | Noticed a deep elf mage
  7643 | Bailey   | Noticed a deep elf mage
  7644 | Bailey   | Noticed a deep elf mage
  7647 | Bailey   | Killed a deep elf mage
  7647 | Bailey   | Reached skill level 10 in Fighting
  7649 | Bailey   | Killed a deep elf mage
  7654 | Bailey   | Killed a deep elf mage
  7661 | Bailey   | Killed a deep elf mage
  7661 | Bailey   | Reached skill level 11 in Axes
  7674 | Bailey   | HP: 2/94 [poisoned by a redback]
  7674 | Bailey   | Mangled by a fire elemental

Vault maps used:
D:1:      matt_arrival_refuge
D:2:      supply_closet_lemuel, minmay_distorted
D:3:      kennysheep_decorative_pillar, nicolae_gozag_seed_capital
D:4:      serial_shops, shop, shop_statue, shop, shop, shop_statue,
          nrook_mini_backslash, grunt_ministairs_8, led_sif_pool, uniq_menkaure,
          uniq_natasha
D:5:      temple_fountains, first_bread, uniq_sigmund
D:6:      uniq_crazy_yiuf_cottage
D:7:      uniq_prince_ribbit1, uniq_joseph
D:8:      enter_bailey_8, serial_shops,
          nicolae_shop_temple_entry_statues_fountains, shop
Bailey:   bailey_polearm_3, bailey

Skill      XL: |  1  2  3  4  5  6  7  8  9 10 |
---------------+-------------------------------+-----
Axes           | 3 4 5 6 8 10 11 | 11.1
Fighting       | 4 5 6 8 9 10 | 10.5
Armour         | 4 5 6 8 9 |  9.4
Shields        | 4 5 6 7 |  7.0

Action                   |  1- 3 |  4- 6 |  7- 9 | 10-12 || total
-------------------------+-------+-------+-------+-------++-------
Melee: War axe           |    88 |   194 |   209 |       ||   491
       Broad axe         |       |       |   112 |    27 ||   139
  Use: Scroll            |       |     5 |     8 |       ||    13
       Potion            |       |       |     1 |     2 ||     3
 Stab: Distracted        |       |       |     1 |       ||     1
  Eat: Chunk             |     1 |     5 |       |       ||     6
       Meat ration       |       |     1 |       |       ||     1
       Royal jelly       |       |       |     2 |       ||     2
       Bread ration      |       |       |     2 |       ||     2
Armor: Scale mail        |    59 |    71 |   112 |    10 ||   252
Dodge: Dodged            |    26 |    85 |   115 |    13 ||   239
Block: Shield            |    59 |    95 |   166 |    14 ||   334
